 Dungeon Crawl Stone Soup version 0.24.1-8-ga250c9d538 (webtiles) character file.

Game seed: 7323797068634582756, levelgen mode: deterministic

2523 nightchill the Spear-Bearer (level 9, -1/72 HPs)
             Began as a Merfolk Abyssal Knight on May 4, 2020.
             Was a Believer of Lugonu.
             Slain by an ice beast (14 damage)
             ... on level 7 of the Dungeon.
             The game lasted 00:25:32 (10265 turns).

nightchill the Spear-Bearer (MfAK)                 Turns: 10265, Time: 00:25:32

Health: -1/72      AC:  8    Str: 15    XL:     9   Next: 54%
Magic:  11/15      EV: 10    Int: 12    God:    Lugonu [**....]
Gold:   278        SH:  0    Dex: 13    Spells: 8/8 levels left

rFire    + . .     SeeInvis .   d - +0 trident
rCold    . . .     Gourm    .   (no shield)
rNeg     . . .     Faith    .   f - +0 scale mail
rPois    .         Spirit   .   D - +2 hat
rElec    .         Reflect  .   (no cloak)
rCorr    .         Harm     .   (no gloves)
MR       +....                  (no boots)
Stlth    ..........             (no amulet)
HPRegen  0.22/turn              e - ring of protection from fire
MPRegen  0.14/turn              u - ring of protection from magic

@: no status effects
A: change form in water, swift swim, stealthy swim
a: Depart the Abyss, Bend Space, Renounce Religion


You were on level 7 of the Dungeon.
You worshipped Lugonu.
Lugonu was pleased with you.
You were not hungry.

You visited 1 branch of the dungeon, and saw 7 of its levels.
You visited the Abyss 1 time.

You collected 278 gold pieces.

Inventory:

Hand Weapons
 a - a +2 spear
 d - a +0 trident (weapon)
Missiles
 b - 5 javelins
 h - 10 datura-tipped darts
 j - 83 stones (quivered)
 q - a throwing net
 y - 7 poisoned darts
 A - 116 arrows
Armour
 f - a +0 scale mail (worn)
 z - a +2 robe of the Archmagi
 D - a +2 hat (worn)
Jewellery
 e - a ring of protection from fire (left hand)
 u - a ring of protection from magic (right hand)
 v - an uncursed ring of flight
Scrolls
 l - 2 scrolls of amnesia {unknown}
 m - a scroll of fear
 n - a scroll of teleportation
 o - a scroll of random uselessness {unknown}
 p - 3 scrolls of enchant armour
 r - a scroll of noise {unknown}
 s - 2 scrolls of enchant weapon
 w - a scroll of magic mapping
 x - a scroll of immolation {unknown}
 B - a scroll of remove curse {unknown}
 F - a scroll of brand weapon {unknown}
Potions
 g - 2 potions of resistance
 i - a potion of haste {unknown}
 k - a potion of might {unknown}
 t - a potion of brilliance {unknown}
 C - a potion of ambrosia
 E - a potion of berserk rage {unknown}
Comestibles
 c - 13 rations


   Skills:
 + Level 7.3 Fighting
 * Level 12.1 Polearms
 - Level 0.6 Armour
 - Level 2.6 Dodging
 + Level 8.1 Invocations


You had 8 spell levels left.
You didn't know any spells.
Your spell library contained the following spells:

 Spells                   Type           Power        Failure   Level  Hunger
 Beastly Appendage        Tmut           #.....       80%         1    ##.....
 Sticks to Snakes         Tmut           #.......     90%         2    ###....
 Spider Form              Tmut/Pois      #.........   99%         3    ####...
 Ice Form                 Ice/Tmut       #.......     100%        4    #####..
 Blade Hands              Tmut           #.........   100%        5    ######.


Dungeon Overview and Level Annotations

Branches:
Dungeon (7/15)             Temple (0/1) D:7

Altars:
Ashenzari
Cheibriados
Dithmenos
Fedhas
Gozag
Hepliaklqana
Ru
Trog
Wu Jian
Xom
Yredelemnul
The Shining One

Shops:
D:5 *

Annotations:
D:1 Terence
D:6 exclusion: 2 downstairs
D:7 Pikel
Abyss:1 Harold


Message History

The ice beast is moderately wounded.
You hit the ice beast.
The ice beast is moderately wounded.
The ice beast closely misses you.
You hit the ice beast.
The ice beast is heavily wounded.
The ice beast barely misses you.
You hit the ice beast.
The ice beast is severely wounded.
You hit the ice beast.
The ice beast is severely wounded.
The ice beast hits you. The ice beast freezes you!
* * * LOW HITPOINT WARNING * * *
Okay, then.
You hit the ice beast.
The ice beast is almost dead.
The ice beast hits you.
* * * LOW HITPOINT WARNING * * *
The ice beast freezes you!
You die...

#.##### ########## #.#..#.
####........############.#....
#..'..........................
#.##........#############.###.
#.##........# #...............
#<##........# #.#########.###.
####........###.### #.#.#.
########)Y@....# #.#.#. #####
#.###.#.# #..<#.
##....#####(#...#.# ###.#.
..........(.....#.#########...
.........o.........K.p....'...
...Y##.(.##..#.#########.#...
... ##†..##..#..............#
. ...).......#...#######.##.#
.......>.....'.......# #.##.#


You could see an ice beast.

Vanquished Creatures
  2 ice beasts
  A slave (D:6)
  A phantom (D:5)
  A sky beast (D:6)
  4 ogres
  A centaur (D:6)
  A crocodile (D:6)
  A big kobold (D:7)
  3 scorpions
  3 wights
  A howler monkey (D:4)
  3 crimson imps
  A quasit (D:6)
  2 hounds
  2 orc priests
  2 jellies (D:5)
  3 iguanas (D:4)
  4 worker ants
  A hound zombie (D:5)
  A hound skeleton (D:4)
  A worker ant zombie (D:5)
  7 adders
  A shadow imp (D:5)
  An ooze (D:3)
  An adder skeleton (D:5)
  4 worms
  A dart slug (D:3)
  3 leopard geckos (D:1)
  17 orcs
  5 bats
  4 giant cockroaches
  5 goblins
  9 hobgoblins
  3 jackals (D:5)
  5 quokkas
  10 frilled lizards
  A giant cockroach zombie (D:6)
  A jackal skeleton (D:4)
  10 kobolds
  A quokka skeleton (D:4)
  A quokka zombie (D:6)
  10 rats
139 creatures vanquished.

Vanquished Creatures (others)
  A yaktaur (D:6)
  A slave (D:7)
  A centaur (D:6)
  A bullfrog (D:6)
4 creatures vanquished.

Grand Total: 143 creatures vanquished

Notes
Turn   | Place    | Note
-------+----------+-------------------------------------------
     0 | Abyss:1  | nightchill the Merfolk Abyssal Knight began the quest for
                  | the Orb.
     0 | Abyss:1  | Reached XP level 1. HP: 18/18 MP: 2/2
    34 | Abyss:1  | Noticed a shadow dragon zombie
    44 | D:1      | Escaped the Abyss
   306 | D:1      | Reached XP level 2. HP: 24/24 MP: 3/3
   782 | D:1      | Reached skill level 4 in Polearms
   787 | D:1      | Reached * piety under Lugonu
  1080 | D:1      | Reached XP level 3. HP: 27/29 MP: 4/4
  1529 | D:2      | Noticed Terence
  1908 | D:2      | Reached skill level 5 in Polearms
  1908 | D:2      | Reached XP level 4. HP: 37/37 MP: 4/6
  2537 | D:2      | Reached ** piety under Lugonu
  2694 | D:3      | Reached XP level 5. HP: 24/42 MP: 7/7
  2882 | D:3      | You fall into a shaft and drop 2 floors!
  2882 | D:5      | Entered Level 5 of the Dungeon
  2896 | D:5      | Noticed an ogre
  2923 | D:5      | Killed an ogre
  2923 | D:5      | Reached skill level 6 in Polearms
  2923 | D:5      | Reached XP level 6. HP: 10/49 MP: 6/8
  3369 | D:5      | Reached skill level 7 in Polearms
  4053 | D:5      | Reached skill level 5 in Fighting
  4053 | D:5      | Reached XP level 7. HP: 6/56 MP: 7/10
  4452 | D:5      | Found Lucohone's Luxury Loot.
  4479 | D:5      | Reached skill level 8 in Polearms
  4985 | D:3      | Noticed a moth of wrath
  4988 | D:3      | Found a bloodstained altar of Trog.
  5015 | D:3      | Reached *** piety under Lugonu
  5057 | D:3      | Found a hazy altar of Hepliaklqana.
  5178 | D:3      | Found an opulent altar of Gozag.
  5231 | D:3      | Found a shattered altar of Ashenzari.
  5231 | D:3      | Found a glowing golden altar of the Shining One.
  5569 | D:4      | Found a shadowy altar of Dithmenos.
  6180 | D:4      | Reached skill level 5 in Invocations
  6441 | D:4      | Reached skill level 9 in Polearms
  6493 | D:4      | Reached XP level 8. HP: 57/64 MP: 10/12
  6956 | D:5      | Found a snail-covered altar of Cheibriados.
  7380 | D:5      | Found a sacrificial altar of Ru.
  7923 | D:6      | Reached skill level 10 in Polearms
  8549 | D:6      | Found an ornate altar of the Wu Jian Council.
  8550 | D:6      | Found a snail-covered altar of Cheibriados.
  8554 | D:6      | Found a shimmering altar of Xom.
  8843 | D:6      | Reached XP level 9. HP: 55/71 MP: 14/14
  8935 | D:6      | Found a blossoming altar of Fedhas.
  8939 | D:6      | Found a basalt altar of Yredelemnul.
  9185 | D:6      | Reached skill level 11 in Polearms
  9414 | D:6      | Noticed a yaktaur
  9422 | D:6      | Banished a yaktaur
  9815 | D:7      | Found a staircase to the Ecumenical Temple.
  9817 | D:7      | Noticed Harold
  9818 | D:7      | Banished Harold
  9820 | D:7      | Noticed Pikel
 10221 | D:7      | Reached skill level 12 in Polearms
 10265 | D:7      | Slain by an ice beast

Levels and vault maps discovered:
D:1:      dpeg_arrival_rooms_with_view, layout_basic, grunt_decor_one_mirror,
          minmay_misc_feat_iff
D:2:      layout_loops_ring, uniq_terence
D:3:      layout_basic, tgw_trog, lemuel_round_altar,
          gammafunk_temple_overflow_wave, nicolae_gozag_seed_capital
D:4:      layout_loops_ring, nicolae_dithmenos_the_darkroom
D:5:      layout_cave_pods, nicolae_ru_the_path_less_chosen, basic_altar,
          enter_ossuary_1, first_ration, nicolae_alphabet_shops,
          minmay_misc_feat_pillars
D:6:      layout_loops_cross, nicolae_overflow_hidden_temple,
          minmay_manual_mandibuliform
D:7:      layout_basic, minmay_temple_entry_stoned_glass, uniq_pikel,
          uniq_harold

Skill      XL: |  1  2  3  4  5  6  7  8  9 |
---------------+----------------------------+-----
Polearms       | 4 5 6 7 9 10 12 | 12.1
Fighting       | 4 5 6 7 |  7.3
Invocations    | 3 4 5 7 8 |  8.1
Armour         | |  0.6
Dodging        | |  2.6

Action                   |  1- 3 |  4- 6 |  7- 9 || total
-------------------------+-------+-------+-------++-------
Melee: Spear             |   154 |   165 |   377 ||   696
       Trident           |       |       |   121 ||   121
Invok: Depart the Abyss  |     1 |       |       ||     1
       Bend Space        |       |     5 |     6 ||    11
       Banish            |       |       |     6 ||     6
  Use: Scroll            |     1 |       |     7 ||     8
  Eat: Chunk             |     3 |     7 |    12 ||    22
       Ration            |       |       |     3 ||     3
Armor: Leather armour    |    12 |       |       ||    12
       Scale mail        |    14 |    42 |    82 ||   138
Dodge: Dodged            |    64 |    48 |   144 ||   256
